 Dungeon Crawl Stone Soup version 0.29.1-13-g9f3cf754e1 (webtiles) character file.

Game seed: 632350989512649213

37 Wobber the Conjurer (level 3, -3/28 HPs)
             Began as a Draconian Conjurer on Feb 11, 2023.
             Was an Initiate of Uskayaw.
             Slain by Crazy Yiuf
             ... wielding a +4 quarterstaff of chaos
              (16 damage)
             ... on level 2 of the Dungeon.
             The game lasted 00:06:52 (1542 turns).

Wobber the Conjurer (Draconian Conjurer)            Turns: 1542, Time: 00:06:57

Health: -3/28      AC:  8    Str:  9    XL:     3   Next: 21%
Magic:  2/6        EV: 12    Int: 20    God:    Uskayaw [......]
Gold:   82         SH:  0    Dex:  9    Spells: 4/7 levels left

rFire   . . .      SeeInvis .   c - +0 mace
rCold   . . .      Faith    .   (no shield)
rNeg    . . .      Spirit   .   (body armour unavailable)
rPois   .          Reflect  .   (helmet restricted)
rElec   .          Harm     .   (no cloak)
rCorr   .          Rampage  .   l - +0 pair of gloves
Will    .....                   d - +1 pair of boots
Stlth   ++........              (no amulet)
HPRegen 0.09/turn               (no ring)
MPRegen 0.10/turn               (no ring)

@: no status effects
A: AC +5, unfitting armour, cold-blooded
a: Renounce Religion


You were on level 2 of the Dungeon.
You worshipped Uskayaw.
Uskayaw was noncommittal.
You visited 1 branch of the dungeon, and saw 2 of its levels.

You collected 82 gold pieces.

Inventory:

Hand Weapons
 c - a +0 mace (weapon)
 f - a +0 sling
Missiles
 n - 12 stones
Armour
 d - a +1 pair of boots (worn)
 l - a +0 pair of gloves (worn)
 q - a +0 cloak
Jewellery
 h - an amulet of guardian spirit
Scrolls
 b - a scroll of blinking {unknown}
 e - a scroll of magic mapping {unknown}
 i - a scroll of immolation {unknown}
 j - 3 scrolls of identify {unknown}
Potions
 a - 2 potions of magic
 g - 3 potions of flight {unknown}
 k - a potion of heal wounds {unknown}
 m - a potion of might {unknown}
 o - a potion of brilliance {unknown}
 p - a potion of resistance {unknown}
 r - a potion of lignification {unknown}


   Skills:
 + Level 1.5 Fighting
 - Level 1.7 Dodging
 - Level 1.7 Stealth
 * Level 2.5 Spellcasting
 * Level 4.3 Conjurations
 + Level 0.4 Invocations


You had 4 spell levels left.
You knew the following spells:

 Your Spells              Type           Power      Damage    Failure   Level
a - Magic Dart            Conj           80%        1d7       2%          1
b - Searing Ray           Conj           40%        2d5       3%          2

Your spell library contained the following spells:

 Spells                   Type           Power      Damage    Failure   Level
 Slow                     Hex            8%         N/A       16%         1
 Dazzling Flash           Conj/Hex       22%        N/A       19%         3
 Confusing Touch          Hex            2%         N/A       41%         3
 Vampiric Draining        Necr           2%         2d6       41%         3
 Fulminant Prism          Conj/Hex       5%         3d7       52%         4
 Iskenderun's Mystic Bla  Conj/Tloc      11%        2d4       52%         4


Dungeon Overview and Level Annotations

Branches:
Dungeon (2/15)

Altars:
Uskayaw

Annotations:
D:2 Crazy Yiuf


Innate Abilities, Weirdness & Mutations

Your plain brown scales are hard. (AC +5)
You cannot fit into any form of body armour.
You are cold-blooded and may be slowed by cold attacks.


Message History

You hit the hobgoblin.
You kill the hobgoblin!
You hit the endoplasm.
You kill the endoplasm!
r - a clear potion A kobold comes into view.
It is wielding a +0 dagger.
Found a stone staircase leading down.
The kobold shouts!
The kobold moves out of view.
A kobold is nearby!
Casting: Magic Dart (safe; 2% risk of failure)
Confirm with . or Enter, or press ? or * to list all spells.
Aiming: Magic Dart (safe; 2% risk of failure)
Press: ? - help, Shift-Dir - straight line, f - kobold
Aim: a kobold, wielding a +0 dagger (100% to hit)
The magic dart hits the kobold.
You kill the kobold!
Found a runed translucent door.
Crazy Yiuf shouts!
You open the door.
Crazy Yiuf flaps his cloak.
Casting: Magic Dart (safe; 2% risk of failure)
Confirm with . or Enter, or press ? or * to list all spells.
Aiming: Magic Dart (safe; 2% risk of failure)
Press: ? - help, Shift-Dir - straight line, f - Crazy Yiuf
Aim: Crazy Yiuf, wielding a +4 quarterstaff of chaos and wearing a +2 cloak (100% to hit)
The magic dart hits Crazy Yiuf but does no damage.
Crazy Yiuf hits you with a +4 quarterstaff of chaos!
You feel yourself slow down. Crazy Yiuf freezes you.
You hit Crazy Yiuf.
Your tail-slap misses Crazy Yiuf.
Crazy Yiuf is lightly wounded.
You feel yourself speed up. Crazy Yiuf completely misses you.
Crazy Yiuf misses you.
You stomp with the beat, sending a shockwave through the revellers around you!
Crazy Yiuf is moderately wounded.
You can no longer stomp with the beat.
Crazy Yiuf hits you with a +4 quarterstaff of chaos.
You are electrocuted!
Ouch! That really hurt!
You die...

#.# #.##########
#.#........# #.#.########
##### #.#.......# #..)#
##### #.#######.# #...#
#...# ..........# ...
###.# #.#....#..## #g#
#.# ...........# ♣♣@♣
#.#### ..#........# ♣.♣♣
#....# ###.#####..# ♣♣.♣
#.####.# ..#<# #..# ♣.♣♣
#.# #.# ..#######..#
♣♣.♣♣ #.####.#####
..'.....+..# ♣...♣♣
#.##........ ..#######..#
♣....♣ #..#.#.####. ###
#..# #....# #..#.#....#.
#
#..###....####..#.#..#.#.


You could see Crazy Yiuf.

Vanquished Creatures
  A worm (D:2)
  3 endoplasms
  A giant cockroach (D:1)
  7 hobgoblins
  3 kobolds (D:2)
  3 quokkas (D:1)
  3 ball pythons
  3 bats
  A frilled lizard (D:1)
  6 rats
31 creatures vanquished.

Notes
Turn   | Place    | Note
-------+----------+-------------------------------------------
     0 | D:1      | Wobber the Draconian Conjurer began the quest for the Orb.
     0 | D:1      | Reached XP level 1. HP: 14/14 MP: 3/3
   291 | D:1      | Reached XP level 2. HP: 17/22 MP: 1/5
   333 | D:1      | Reached skill level 1 in Fighting
   356 | D:1      | Learned a level 2 spell: Searing Ray
   604 | D:1      | Found a faded altar of an unknown god.
   889 | D:1      | Prayed at the altar of an unknown god.
   889 | D:1      | Became a worshipper of Uskayaw the Reveller
   889 | D:1      | Reached * piety under Uskayaw
  1174 | D:2      | Reached XP level 3. HP: 28/28 MP: 4/6
  1249 | D:2      | Reached ** piety under Uskayaw
  1535 | D:2      | Found a runed translucent door.
  1536 | D:2      | Noticed Crazy Yiuf
  1542 | D:2      | Slain by Crazy Yiuf

Illustrated notes

Levels and vault maps discovered:
D:1:      reono_arrival_forest_river, layout_rooms,
          hellmonk_ecumenical_altar_heavens_door
D:2:      layout_basic, hangedman_glass_garden, uniq_crazy_yiuf_cottage

Skill      XL: |  1  2 |
---------------+-------+-----
Fighting       | 1 |  1.5
Dodging        | |  1.7
Stealth        | |  1.7
Spellcasting   | |  2.5
Conjurations   | |  4.3
Invocations    | |  0.4

Action                   || total
-------------------------++-------
Melee: Mace              ||    50
       Tailslap          ||     8
       Punch             ||     2
 Cast: Magic Dart        ||    44
Invok: Stomp             ||     1
Armor: Skin              ||    15
Dodge: Dodged            ||    44
